AoeStats
← Catchmeifyoucan

Golden Pit

509974911Analyzed
1v1 RM · 5d ago on Sep 28, 2026· 45m 35s· 2 players
Game mode
Random Map
Map size
Tiny (2 player)
Population
200
Speed
Normal
Resources
Standard
Victory
Conquest
Starting age
Dark Age
Ending age
Imperial Age
RankedLock teamsTeams togetherTeam positionsShared explorationLock speedFull tech treeHidden civsTurbo modeCheats
Victory
Defeat
🇵🇹 Mapuche · Portugal
399
+18
🇨🇿 Franks · Czechia
452
-18
Catchmeifyoucan
2:11 Loom
12:06 Feudal Age
17:47 Castle Age
16:54 Stone Mining
18:41 Wheelbarrow
18:35 Horse Collar
21:05 Heavy Plow
25:28 Double-Bit Axe
28:35 Bow Saw
28:16 Gold Mining
34:33 Imperial Age
33:13 Pikeman
35:14 Stone Shaft Mining
35:36 Gold Shaft Mining
38:35 Forging
41:43 Ballistics
42:03 Iron Casting
41:21 Fletching
41:31 Scale Mail Armor
41:32 Padded Archer Armor
43:29 Chemistry
Mik159
1:02 Loom
11:47 Feudal Age
13:27 Wheelbarrow
12:43 Double-Bit Axe
14:07 Stone Mining
15:07 Gold Mining
25:33 Castle Age
25:28 Arson
26:12 Pikeman
26:53 Squires
27:20 Hand Cart
27:44 Gold Shaft Mining
28:19 Bow Saw
29:53 Scale Mail Armor
30:20 Scale Barding Armor
33:29 Chain Mail Armor
33:25 Forging
35:15 Chain Barding Armor
34:21 Light Cavalry
35:38 Murder Holes
35:55 Masonry
36:07 Ballistics
36:59 Iron Casting
41:47 Imperial Age
39:05 Town Watch
47:57 Imperial Age
Connection lost

Rejoining the realm…

Still unreachable

The connection could not be restored.

Session expired

The server has moved on; the page needs a fresh start.